[Event "Titled Tuesday Blitz November 14 Early 2023"]
[White "Shuvalov, Evgenij"]
[Black "Witty_Alien"]
[WhiteFideId "4187237"]
[WhiteElo "2503"]
[BlackElo "2249"]
[Result "1-0"]
[Round "2"]
[TimeControl "180+1"]
[Date "2023.11.14"]
[WhiteClock "0:01:46"]
[BlackClock "0:00:01"]
[Board "196"]

1. d4 e5 2. c3 e4 3. Bf4 d5 4. e3 Nf6 5. c4 c6 6. Nc3 a6 7. c5 Be7 8. h3 O-O 9. Nge2 Nh5 10. Bh2 f5 11. Nc1 g6 12. Be2 f4 13. Bxh5 fxe3 14. Bg4 Rxf2 15. Bxc8 Bh4 16. Be6+ Kg7 17. Be5+ Kh6 18. g3 Nd7 19. Bxd7 Qg5 20. Qg4 Raf8 21. N1e2 Bxg3 22. Qxg5+ Kxg5 23. Bxg3 Rg2 24. h4+ Kh6 25. Bf4+ Rxf4 26. Nxf4 Rxb2 1-0


[Site "https://www.chess.com"]

[Event "Titled Tuesday Blitz November 14 Early 2023"]
[White "Sarkar, Justin"]
[Black "Kanyamarala, Trisha"]
[WhiteFideId "2010011"]
[BlackFideId "45004722"]
[WhiteElo "2248"]
[BlackElo "2503"]
[Result "0-1"]
[Round "2"]
[TimeControl "180+1"]
[Date "2023.11.14"]
[WhiteClock "0:00:00"]
[BlackClock "0:00:04"]
[Board "197"]

1. e4 c5 2. Nf3 d6 3. d4 cxd4 4. Nxd4 Nf6 5. Nc3 Nc6 6. Bg5 e6 7. Bb5 Qb6 8. Be3 Qc7 9. O-O a6 10. Be2 Be7 11. f4 O-O 12. a4 e5 13. Nf5 Bxf5 14. exf5 Rad8 15. a5 Rd7 16. Bb6 Qc8 17. g4 d5 18. g5 Ne4 19. Nxd5 exf4 20. Rxf4 Nxg5 21. Kh1 Bd8 22. f6 Bxb6 23. axb6 Rfd8 24. c4 Ne6 25. Rg4 Ne5 26. Rg3 g6 27. Qd2 Qc5 28. Qh6 Rxd5 29. cxd5 Qxd5+ 30. Kg1 Qc5+ 31. Kg2 Qc6+ 32. Kg1 Qxb6+ 33. Kh1 Qxb2 34. Rf1 Qxe2 0-1


[Site "https://www.chess.com"]

[Event "Titled Tuesday Blitz November 14 Early 2023"]
[White "Erzhanov, Arman"]
[Black "crosky"]
[WhiteFideId "4138821"]
[WhiteElo "2502"]
[BlackElo "2247"]
[Result "1-0"]
[Round "2"]
[TimeControl "180+1"]
[Date "2023.11.14"]
[WhiteClock "0:00:50"]
[BlackClock "0:00:12"]
[Board "198"]

1. e4 Nc6 2. Nf3 d6 3. d4 g6 4. d5 Nb8 5. c4 Bg7 6. h3 c5 7. Nc3 e6 8. Be2 Nf6 9. O-O exd5 10. exd5 O-O 11. Bd3 Re8 12. Bg5 Qc7 13. Nb5 Qb6 14. Bf4 Rd8 15. Re1 a6 16. Nc3 Nbd7 17. Qd2 Nh5 18. Bh2 Nf8 19. Re2 Qb4 20. Rae1 b5 21. a3 Qb3 22. Qg5 Bf6 23. Qh6 Bg7 24. Qg5 Bf6 25. Qc1 bxc4 26. Nd2 cxd3 27. Nxb3 dxe2 28. Rxe2 Bf5 29. Ne4 Bxe4 30. Rxe4 Rab8 31. Na5 Bxb2 32. Qd1 Bd4 33. Nc6 Re8 34. Rxd4 cxd4 35. Nxb8 Rxb8 36. Bxd6 Rd8 37. Bxf8 Kxf8 38. Qxd4 Ng7 39. Qc5+ Kg8 40. g4 h5 41. Kg2 hxg4 42. hxg4 Ne8 43. Qa5 Rd6 44. g5 Kf8 45. Kf3 Ke7 46. Ke4 Ng7 47. Qc7+ Rd7 48. Qe5+ Kf8 49. Qb8+ Ke7 50. Ke5 Nf5 51. Qb4+ Ke8 52. f4 Nd6 53. Qxd6 1-0


[Site "https://www.chess.com"]

[Event "Titled Tuesday Blitz November 14 Early 2023"]
[White "Mayeregger, Arnold"]
[Black "Liu, Leonardo"]
[WhiteFideId "3705226"]
[BlackFideId "30965780"]
[WhiteElo "2500"]
[BlackElo "2242"]
[Result "0-1"]
[Round "2"]
[TimeControl "180+1"]
[Date "2023.11.14"]
[WhiteClock "0:00:10"]
[BlackClock "0:01:59"]
[Board "199"]

1. Nf3 Nf6 2. c4 e6 3. b3 b6 4. e3 Bb7 5. Bb2 d5 6. Nc3 Nbd7 7. cxd5 exd5 8. Rc1 Be7 9. Nb5 c6 10. Nbd4 c5 11. Nf5 O-O 12. Nxe7+ Qxe7 13. Be2 Ne4 14. O-O f5 15. d4 f4 16. exf4 Rxf4 17. dxc5 bxc5 18. Bb5 Raf8 19. b4 Rxf3 20. gxf3 Ng5 21. Bxd7 Nxf3+ 22. Kh1 Qxd7 23. Rg1 Nxg1 24. Kxg1 d4 25. Qh5 Qc6 26. f3 Rxf3 27. Rxc5 Rg3+ 0-1


[Site "https://www.chess.com"]

[Event "Titled Tuesday Blitz November 14 Early 2023"]
[White "Akylbek2021"]
[Black "Srdanovic, Jovana"]
[BlackFideId "954810"]
[WhiteElo "2239"]
[BlackElo "2500"]
[Result "0-1"]
[Round "2"]
[TimeControl "180+1"]
[Date "2023.11.14"]
[WhiteClock "0:00:02"]
[BlackClock "0:01:11"]
[Board "201"]

1. e4 c5 2. Nf3 Nf6 3. Nc3 d5 4. exd5 Nxd5 5. Bc4 Nb6 6. Bb5+ Bd7 7. Be2 Nc6 8. O-O e6 9. d4 cxd4 10. Nxd4 Be7 11. Bf3 O-O 12. Nxc6 Bxc6 13. Bxc6 bxc6 14. Bf4 Nd5 15. Bd2 Bf6 16. Qf3 Qb6 17. Rab1 Rfd8 18. Ne4 Be7 19. c4 Nf6 20. Bc3 Nxe4 21. Qxe4 Qc5 22. Qg4 Bf8 23. b4 Qd6 24. Rfd1 Qc7 25. h4 Rxd1+ 26. Rxd1 Rd8 27. h5 h6 28. a4 Rxd1+ 29. Qxd1 Qf4 30. Qd3 Qc1+ 31. Kh2 Qg5 32. Qf3 Bd6+ 33. g3 Qh4+ 34. Kg2 Qxc4 35. b5 cxb5 36. axb5 Qxb5 37. Qa8+ Kh7 38. Qe4+ Qf5 39. Qd4 Qd5+ 40. Qxd5 exd5 41. Kf3 f6 42. g4 Kg8 43. Ke3 Kf7 44. Ba5 Ke6 45. f4 Bc5+ 46. Kd3 Bb6 47. Bc3 a5 48. f5+ Kd6 49. Bb2 d4 50. Ba3+ Bc5 51. Bc1 Kd5 52. Bf4 a4 53. Bc1 a3 54. Kd2 Kc4 55. Ke2 Bb4 56. Kf3 d3 57. Ke4 d2 58. Bxd2 Bxd2 59. g5 hxg5 60. h6 gxh6 61. Kf3 h5 62. Kg3 a2 63. Kg2 a1=Q 64. Kf3 Qe5 0-1


[Site "https://www.chess.com"]

[Event "Titled Tuesday Blitz November 14 Early 2023"]
[White "a-z30"]
[Black "Kuchava, Ana"]
[BlackFideId "13605348"]
[WhiteElo "2499"]
[BlackElo "2237"]
[Result "1/2-1/2"]
[Round "2"]
[TimeControl "180+1"]
[Date "2023.11.14"]
[WhiteClock "0:00:11"]
[BlackClock "0:00:21"]
[Board "202"]

1. d3 d5 2. Nf3 Nf6 3. g3 c5 4. Bg2 Nc6 5. O-O e5 6. c4 d4 7. e3 Bd6 8. exd4 cxd4 9. Bg5 O-O 10. Nbd2 h6 11. Bxf6 Qxf6 12. Ne4 Qe7 13. Nxd6 Qxd6 14. Re1 a5 15. a3 Bf5 16. Nh4 Bh7 17. Qc2 Kh8 18. c5 Qc7 19. Qc4 a4 20. Nf3 f6 21. Nh4 Na5 22. Qb5 Nb3 23. Rad1 Qxc5 24. Qxb7 Rab8 25. Qa6 Qb5 26. Qxb5 Rxb5 27. Bc6 Rb6 28. Be4 Bxe4 29. Rxe4 Nc5 30. Re2 Rfb8 31. Rdd2 Rb3 32. f4 exf4 33. Ng6+ Kh7 34. Nxf4 g5 35. Re7+ Kg8 36. Nd5 Rxb2 37. Nxf6+ Kf8 38. Rxb2 Rxb2 39. Rc7 Nxd3 40. Rd7 Rb3 41. Nh7+ Ke8 42. Nf6+ Kf8 43. Nh7+ Ke8 44. Nf6+ Kf8 1/2-1/2


[Site "https://www.chess.com"]

[Event "Titled Tuesday Blitz November 14 Early 2023"]
[White "Mihajlovskij, Sergei"]
[Black "Toktomushev, Teimur"]
[WhiteFideId "13500805"]
[BlackFideId "14176726"]
[WhiteElo "2237"]
[BlackElo "2498"]
[Result "0-1"]
[Round "2"]
[TimeControl "180+1"]
[Date "2023.11.14"]
[WhiteClock "0:01:10"]
[BlackClock "0:00:05"]
[Board "203"]

1. e4 c5 2. Nf3 e6 3. g3 d5 4. exd5 exd5 5. Bg2 Nf6 6. d4 Nc6 7. O-O Be7 8. Nc3 O-O 9. a3 Bg4 10. dxc5 Bxc5 11. b4 Bd4 12. Bb2 Ne4 13. Na4 Bxb2 14. Nxb2 Ne5 15. h3 Bxf3 16. Bxf3 Nc3 17. Bxd5 Nxd1 18. Raxd1 Qf6 19. Kg2 Rad8 20. c4 b6 21. Nd3 Nxd3 22. Rxd3 h5 23. Rfd1 g6 24. h4 Kg7 25. Rf3 Qe7 26. Re3 Qf6 27. Rde1 Qb2 28. R1e2 Qc1 29. Re1 Qd2 30. R1e2 Rxd5 31. cxd5 Qxd5+ 32. Kh2 Rc8 33. Re7 Rc1 34. Re1 Rxe1 35. Rxe1 Qf3 36. Kg1 Qxa3 37. Re4 Qb3 38. Rf4 a5 39. bxa5 bxa5 40. Kg2 a4 41. g4 a3 42. gxh5 a2 43. h6+ Kxh6 44. Rxf7 Qxf7 45. Kh2 a1=Q 46. f3 Qxf3 47. h5 Qah1# 0-1


[Site "https://www.chess.com"]

[Event "Titled Tuesday Blitz November 14 Early 2023"]
[White "Sokac, Marko"]
[Black "Faci, Fadil"]
[WhiteFideId "14531356"]
[BlackFideId "4645162"]
[WhiteElo "2498"]
[BlackElo "2235"]
[Result "1/2-1/2"]
[Round "2"]
[TimeControl "180+1"]
[Date "2023.11.14"]
[WhiteClock "0:00:11"]
[BlackClock "0:00:20"]
[Board "204"]

1. e4 c5 2. a3 e6 3. b4 cxb4 4. axb4 Bxb4 5. c3 Be7 6. d4 d5 7. e5 Nc6 8. Bd3 a6 9. Nf3 Bd7 10. O-O b5 11. Nbd2 Na5 12. h3 Rc8 13. Bb2 Qb6 14. Nh2 Nc4 15. Bxc4 dxc4 16. Qf3 Bc6 17. Qg3 g6 18. f4 Nh6 19. Kh1 Nf5 20. Qf2 h5 21. Nhf3 h4 22. Kg1 Bd5 23. Rfe1 b4 24. Ne4 a5 25. Nf6+ Bxf6 26. exf6 a4 27. cxb4 c3 28. Ba3 Bxf3 29. Qxf3 Nxd4 30. Qf2 Rb8 31. Kh2 Nb3 32. Ra2 Qxf2 33. Rxf2 O-O 34. Rc2 Rfc8 35. Re3 Rc4 36. Rexc3 Rxf4 37. Rc8+ Rxc8 38. Rxc8+ Kh7 39. Ra8 Nd4 40. Rxa4 Nf5 41. Ra7 Ng3 42. Rxf7+ Kg8 43. Rg7+ Kh8 44. Rxg6 Kh7 45. Rg4 Nf1+ 46. Kg1 Rxf6 47. Rxh4+ Kg6 48. b5 Ne3 49. b6 Rf7 50. Bd6 Rb7 51. Bc7 Nd5 52. Rc4 Nxb6 53. Rc6 Nd5 54. Be5 Kf5 55. Bd4 Rb4 56. g4+ Ke4 57. Bf2 e5 58. Bg3 Nf4 59. Bxf4 Kxf4 60. Rc3 Rb2 61. Ra3 e4 62. Rc3 Ra2 63. Kf1 Rh2 64. Kg1 Ra2 65. Kf1 Rh2 66. Kg1 Ra2 1/2-1/2


[Site "https://www.chess.com"]

[Event "Titled Tuesday Blitz November 14 Early 2023"]
[White "Silvestre, Christian"]
[Black "Sadovsky, Artem"]
[WhiteFideId "30956269"]
[BlackFideId "4155840"]
[WhiteElo "2235"]
[BlackElo "2496"]
[Result "0-1"]
[Round "2"]
[TimeControl "180+1"]
[Date "2023.11.14"]
[WhiteClock "0:00:07"]
[BlackClock "0:00:46"]
[Board "205"]

1. e4 g6 2. d4 Bg7 3. c4 d6 4. Nc3 e5 5. dxe5 dxe5 6. Qxd8+ Kxd8 7. Be3 Be6 8. O-O-O+ Nd7 9. f4 exf4 10. Bxf4 Bh6 11. g3 c6 12. Nf3 Ke7 13. Re1 Bg4 14. Nd2 Rd8 15. h3 Be6 16. Bxh6 Nxh6 17. Nd5+ Kd6 18. Nb3 cxd5 19. cxd5 Ne5 20. dxe6 Rc8+ 21. Kb1 Kxe6 22. h4 Ke7 23. Bh3 Rc7 24. Rhf1 Rd8 25. a3 f6 26. Ka2 Nhf7 27. Rd1 Rxd1 28. Rxd1 Nd6 29. Bg2 Rc2 30. Bh1 Ndc4 31. Rb1 Nd3 32. Nd4 Nc1+ 33. Ka1 Nd2 34. Nxc2 Ndb3# 0-1


[Site "https://www.chess.com"]

[Event "Titled Tuesday Blitz November 14 Early 2023"]
[White "Keleberda, Tymur"]
[Black "Cueto, Jonny"]
[WhiteFideId "14174294"]
[BlackFideId "3300145"]
[WhiteElo "2493"]
[BlackElo "2233"]
[Result "1-0"]
[Round "2"]
[TimeControl "180+1"]
[Date "2023.11.14"]
[WhiteClock "0:01:20"]
[BlackClock "0:00:05"]
[Board "206"]

1. Nf3 e6 2. g3 Nf6 3. Bg2 Be7 4. O-O O-O 5. b3 d6 6. d4 Nbd7 7. Bb2 c6 8. Nbd2 Re8 9. e4 Bf8 10. e5 dxe5 11. dxe5 Nd5 12. Ne4 N7b6 13. c4 Nb4 14. Nd6 Bxd6 15. exd6 Nd7 16. a3 Na6 17. b4 c5 18. b5 Nab8 19. h4 Nf6 20. Qd2 Nbd7 21. Rad1 a6 22. a4 axb5 23. axb5 Qa5 24. Qf4 Qb4 25. Bxf6 Nxf6 26. Ne5 Rd8 27. g4 Qc3 28. g5 Nd7 29. Qxf7+ Kh8 30. Qe7 Rg8 31. Nf7# 1-0


[Site "https://www.chess.com"]

[Event "Titled Tuesday Blitz November 14 Early 2023"]
[White "parintele_chess"]
[Black "Guliev, Logman"]
[BlackFideId "13400061"]
[WhiteElo "2227"]
[BlackElo "2491"]
[Result "1/2-1/2"]
[Round "2"]
[TimeControl "180+1"]
[Date "2023.11.14"]
[WhiteClock "0:00:19"]
[BlackClock "0:00:39"]
[Board "207"]

1. d4 Nf6 2. Bf4 d5 3. Nf3 Bf5 4. e3 c5 5. Nbd2 e6 6. Bb5+ Nc6 7. Ne5 Rc8 8. c3 Bd6 9. dxc5 Bxc5 10. Nxc6 bxc6 11. Ba6 Rb8 12. Bxb8 Qxb8 13. b4 Bd6 14. Qa4 O-O 15. h3 c5 16. bxc5 Qb2 17. O-O Bxc5 18. Nb3 Bb6 19. Nd4 Bg6 20. Qb3 Qxb3 21. axb3 e5 22. Nf3 Re8 23. Bb5 Re7 24. c4 d4 25. exd4 exd4 26. Rfe1 Rc7 27. b4 Rc8 28. c5 Bc7 29. Rxa7 Nd5 30. Ra4 Nc3 31. Bd7 Rd8 32. Ra7 Bb8 33. Re8+ Rxe8 34. Bxe8 Bxa7 35. c6 Bb6 36. Nxd4 Bxd4 37. c7 Bf5 38. b5 Bc8 39. Kf1 Bb6 40. Ke1 Bxc7 41. Kd2 Ba5 42. Kd3 Kf8 43. Bc6 Ke7 44. Kc4 Kd6 45. Be8 Nd1 46. Bxf7 Be6+ 47. Bxe6 Kxe6 48. Kc5 Nxf2 49. b6 Bxb6+ 50. Kxb6 Nd3 51. Kb5 Nf4 52. Kc4 Nxg2 53. Kd3 Nf4+ 54. Ke4 Nxh3 55. Kf3 Ng5+ 56. Kg4 Kf6 57. Kf4 h5 58. Kg3 Ne4+ 59. Kh4 Kg6 60. Kh3 Kh6 61. Kh4 g5+ 62. Kh3 g4+ 63. Kg2 Kg5 64. Kh2 h4 65. Kg2 g3 66. Kh3 Nd2 67. Kg2 Kg4 68. Kh1 h3 69. Kg1 Kf3 70. Kh1 g2+ 71. Kg1 Nf1 1/2-1/2


[Site "https://www.chess.com"]

[Event "Titled Tuesday Blitz November 14 Early 2023"]
[White "Zomorrodian, Eilia"]
[Black "VitaliyChayka"]
[WhiteFideId "12551805"]
[WhiteElo "2487"]
[BlackElo "2226"]
[Result "1-0"]
[Round "2"]
[TimeControl "180+1"]
[Date "2023.11.14"]
[WhiteClock "0:00:59"]
[BlackClock "0:00:16"]
[Board "208"]

1. e4 d6 2. d4 Nf6 3. Nc3 e5 4. Nf3 Nbd7 5. Bc4 Be7 6. O-O O-O 7. h3 c6 8. a4 a5 9. Re1 exd4 10. Qxd4 Nc5 11. e5 dxe5 12. Qxe5 Bd6 13. Qd4 Be6 14. Bg5 Bxc4 15. Qxc4 Ne6 16. Rxe6 fxe6 17. Qxe6+ Rf7 18. Rd1 Qb6 19. Rxd6 Re8 20. Qb3 Qc5 21. Rd3 Kf8 22. Be3 Qh5 23. Ne2 Ne4 24. Ng3 Qg6 25. Nxe4 Qxe4 26. Bc5+ Kg8 27. Re3 1-0


[Site "https://www.chess.com"]

[Event "Titled Tuesday Blitz November 14 Early 2023"]
[White "Estevez Polanco, Leonardo Rafael"]
[Black "Urbina Perez, Juan Antonio"]
[WhiteFideId "6402798"]
[BlackFideId "2217368"]
[WhiteElo "2225"]
[BlackElo "2484"]
[Result "1-0"]
[Round "2"]
[TimeControl "180+1"]
[Date "2023.11.14"]
[WhiteClock "0:01:05"]
[BlackClock "0:01:14"]
[Board "209"]

1. e4 e5 2. Nf3 Nf6 3. Bc4 Nxe4 4. Nc3 Nd6 5. Bb3 Nc6 6. d4 exd4 7. Nxd4 Be7 8. O-O O-O 9. Nd5 Bf6 10. c3 Nxd4 11. cxd4 c6 12. Bf4 Nf5 13. Bc7 Qe8 14. Nxf6+ gxf6 15. Re1 Qxe1+ 16. Qxe1 d5 17. Bc2 Be6 18. Qd2 Rfe8 19. Qf4 Re7 20. Ba5 Ng7 21. Qxf6 Rae8 22. h3 Bd7 23. Qh6 Re6 24. Qxh7+ 1-0


[Site "https://www.chess.com"]

[Event "Titled Tuesday Blitz November 14 Early 2023"]
[White "Skibbe, Willi"]
[Black "Omariev, Maksim"]
[WhiteFideId "4682190"]
[BlackFideId "4193423"]
[WhiteElo "2218"]
[BlackElo "2481"]
[Result "1-0"]
[Round "2"]
[TimeControl "180+1"]
[Date "2023.11.14"]
[WhiteClock "0:00:22"]
[BlackClock "0:00:12"]
[Board "210"]

1. e4 c5 2. c3 Nf6 3. e5 Nd5 4. Nf3 Nc6 5. Bc4 e6 6. O-O Be7 7. d4 cxd4 8. cxd4 d6 9. Qe2 O-O 10. Rd1 a6 11. a3 b5 12. Bd3 Bb7 13. Nc3 Nxc3 14. bxc3 dxe5 15. dxe5 Qc7 16. Bg5 Rfd8 17. h4 Na5 18. Bxe7 Qxe7 19. Bxh7+ Kxh7 20. Ng5+ Kh6 21. Qe3 Nc4 22. Nxf7+ Kh7 23. Rxd8 Nxe3 24. Ng5+ Kg6 25. Rd6 Bd5 26. fxe3 Rd8 27. e4 Rxd6 28. exd6 Qxd6 29. exd5 exd5 30. Re1 Qg3 31. Re6+ Kh5 32. Nf3 Qc7 33. Re5+ Kh6 34. Rxd5 Qxc3 35. Rd6+ Kh7 36. Rxa6 Qc1+ 37. Kh2 Qf4+ 38. Kh3 Qc4 39. Ng5+ Kh8 40. Ra8+ Qg8 41. Rxg8+ Kxg8 42. Ne4 Kf7 43. Nd6+ Ke6 44. Nxb5 Kd5 45. Nc3+ Kc4 46. a4 Kb4 47. Nd5+ Kxa4 48. Kg4 Kb5 49. Nf4 Kc5 50. Kg5 Kd6 51. Kg6 Ke5 52. g3 Ke4 53. Kxg7 Kf5 54. h5 Kg5 55. h6 Kg4 56. h7 Kg5 57. Ng6 Kg4 58. h8=Q Kg5 59. Qh4+ Kf5 60. Qf4+ Ke6 61. Qe5+ Kd7 62. Nf4 Kc6 63. Qd4 Kb5 64. Qc3 Ka4 65. Qb2 Ka5 66. Nd5 Ka6 67. Qb6# 1-0


[Site "https://www.chess.com"]

[Event "Titled Tuesday Blitz November 14 Early 2023"]
[White "Vila Dupla, Aurelio"]
[Black "Morgunov, Marc"]
[WhiteFideId "2203383"]
[BlackFideId "1640305"]
[WhiteElo "2213"]
[BlackElo "2479"]
[Result "0-1"]
[Round "2"]
[TimeControl "180+1"]
[Date "2023.11.14"]
[WhiteClock "0:00:00"]
[BlackClock "0:00:19"]
[Board "211"]

1. Nf3 Nf6 2. d4 g6 3. g3 Bg7 4. Bg2 O-O 5. O-O d6 6. c4 Ne4 7. d5 f5 8. Nfd2 Nc5 9. Nc3 c6 10. Nf3 e5 11. dxc6 bxc6 12. Be3 a5 13. Rc1 Nba6 14. b3 h6 15. Qd2 Kh7 16. Rfd1 e4 17. Nd4 Qc7 18. f3 exf3 19. Bxf3 Bb7 20. Bg2 Rae8 21. Nf3 Ne4 22. Nxe4 fxe4 23. Nd4 Nc5 24. Rf1 Qe7 25. Rb1 Qe5 26. a3 Ne6 27. Nxe6 Qxe6 28. Rbd1 d5 29. cxd5 cxd5 30. Rxf8 Bxf8 31. Qxa5 Re7 32. Bc5 Rf7 33. Bxf8 Rxf8 34. Qd2 Qb6+ 35. e3 Qxb3 36. Ra1 Ba6 37. a4 Rc8 38. Rc1 Rc4 0-1


[Site "https://www.chess.com"]

[Event "Titled Tuesday Blitz November 14 Early 2023"]
[White "Dudzinski, Pawel"]
[Black "Valy02chess"]
[WhiteFideId "1117890"]
[WhiteElo "2479"]
[BlackElo "2204"]
[Result "1-0"]
[Round "2"]
[TimeControl "180+1"]
[Date "2023.11.14"]
[WhiteClock "0:01:58"]
[BlackClock "0:01:51"]
[Board "212"]

1. e4 c5 2. Nc3 d6 3. g3 g6 4. Bg2 Bg7 5. d3 Nc6 6. Be3 e6 7. Qd2 Nge7 8. Bh6 O-O 9. h4 Nd4 10. Bxg7 Kxg7 11. h5 Ng8 12. hxg6 fxg6 13. Nce2 Qb6 14. c3 Nxe2 15. Nxe2 Bd7 16. O-O-O a5 17. Rh4 a4 18. Rdh1 Rf7 19. Rxh7+ Kf8 20. Rxf7+ Kxf7 21. Qf4+ Ke8 22. Rh8 Ke7 23. Rh7+ Kd8 24. Qf7 Qb5 25. Qxg8+ Be8 26. Qxe6 1-0


[Site "https://www.chess.com"]

[Event "Titled Tuesday Blitz November 14 Early 2023"]
[White "Zoete, Roelant"]
[Black "ploxoi"]
[WhiteFideId "40103269"]
[WhiteElo "2203"]
[BlackElo "2478"]
[Result "1-0"]
[Round "2"]
[TimeControl "180+1"]
[Date "2023.11.14"]
[WhiteClock "0:00:58"]
[BlackClock "0:01:47"]
[Board "213"]

1. c4 e6 2. g3 d5 3. Bg2 c6 4. d4 Nf6 5. Nf3 Nbd7 6. Qc2 Be7 7. O-O O-O 8. Nbd2 b6 9. e4 Bb7 10. e5 Ne8 11. Re1 Nc7 12. h4 h6 13. b3 c5 14. Nf1 dxc4 15. bxc4 cxd4 16. Nxd4 Bxg2 17. Kxg2 Bc5 18. Bb2 Qe8 19. Rad1 Rc8 20. Qe4 Bxd4 21. Bxd4 Na6 22. Ne3 Ndc5 23. Qg4 Qc6+ 24. Kh2 Rcd8 25. Nd5 h5 26. Nf6+ Kh8 27. Qxh5# 1-0


[Site "https://www.chess.com"]

[Event "Titled Tuesday Blitz November 14 Early 2023"]
[White "Ahn, Hongjin"]
[Black "Mishra, Manoj"]
[WhiteFideId "13201492"]
[BlackFideId "5006007"]
[WhiteElo "2476"]
[BlackElo "2191"]
[Result "0-1"]
[Round "2"]
[TimeControl "180+1"]
[Date "2023.11.14"]
[WhiteClock "0:00:00"]
[BlackClock "0:00:16"]
[Board "214"]

1. e4 c5 2. Nf3 d6 3. d4 cxd4 4. Nxd4 Nf6 5. Nc3 a6 6. Be2 Nbd7 7. O-O e6 8. Be3 b5 9. a3 Bb7 10. Bf3 Be7 11. Re1 Ne5 12. Bf4 Nxf3+ 13. Nxf3 O-O 14. Qe2 Rc8 15. Rad1 Qb6 16. Qd2 Rfd8 17. Be3 Qc7 18. Bf4 Qb6 19. h3 d5 20. e5 Ne4 21. Nxe4 dxe4 22. Nd4 Bc5 23. c3 Bxd4 24. cxd4 Qc6 25. Re3 Qc2 26. Rg3 Qxd2 27. Rxd2 Kf8 28. Kh2 Rc4 29. Be3 a5 30. h4 b4 31. axb4 axb4 32. Rg5 b3 33. Rd1 Rc2 34. Rb1 Ba6 35. Rg3 Bd3 36. h5 Re2 37. Ra1 h6 38. Ra7 Rxb2 39. f3 Re2 40. fxe4 Bxe4 41. Bc1 b2 42. Bxb2 Rxb2 43. Rg4 Bf5 44. Rf4 Rd2 45. Ra4 g5 46. hxg6 fxg6 47. Kg3 g5 48. Rf3 R8xd4 0-1


[Site "https://www.chess.com"]

[Event "Titled Tuesday Blitz November 14 Early 2023"]
[White "Travadon, Loic"]
[Black "Kanyamarala, Tarun"]
[WhiteFideId "26092131"]
[BlackFideId "45004714"]
[WhiteElo "2185"]
[BlackElo "2476"]
[Result "0-1"]
[Round "2"]
[TimeControl "180+1"]
[Date "2023.11.14"]
[WhiteClock "0:01:04"]
[BlackClock "0:00:30"]
[Board "215"]

1. e4 c5 2. Nf3 e6 3. Nc3 a6 4. d4 cxd4 5. Nxd4 b5 6. a4 b4 7. Nce2 Bb7 8. Ng3 Nc6 9. Be3 Nf6 10. Bd3 h5 11. h4 Ng4 12. Nxc6 Bxc6 13. Bd4 e5 14. Be3 Nxe3 15. fxe3 g6 16. Qf3 Bh6 17. b3 O-O 18. O-O-O Qb6 19. Rhe1 Rac8 20. Bc4 Kg7 21. Rd6 Qd8 22. Nxh5+ gxh5 23. Qxh5 f6 24. Qf5 Qe7 25. Rd2 d5 26. exd5 Bd7 27. Qf3 Qd6 28. g4 e4 29. Qxe4 Rce8 30. Qd4 Qe5 31. Qa7 Rf7 32. Rg2 Bxe3+ 33. Kd1 Qa1+ 34. Ke2 Bxa7+ 0-1


[Site "https://www.chess.com"]

[Event "Titled Tuesday Blitz November 14 Early 2023"]
[White "Grochal, Joey"]
[Black "thisjuan"]
[WhiteFideId "1019945"]
[WhiteElo "2476"]
[BlackElo "2178"]
[Result "1-0"]
[Round "2"]
[TimeControl "180+1"]
[Date "2023.11.14"]
[WhiteClock "0:00:58"]
[BlackClock "0:00:13"]
[Board "216"]

1. e4 c5 2. Nf3 g6 3. d4 cxd4 4. Nxd4 Nc6 5. Nc3 Bg7 6. Be3 Nf6 7. Bc4 O-O 8. Bb3 d6 9. f3 Bd7 10. Qd2 Nxd4 11. Bxd4 b5 12. O-O-O a5 13. Nd5 Nxd5 14. Bxd5 Rc8 15. Bxg7 Kxg7 16. h4 f6 17. h5 g5 18. h6+ Kh8 19. f4 Qc7 20. fxg5 fxg5 21. Rhf1 Rf6 22. c3 b4 23. c4 Ba4 24. Rxf6 exf6 25. Qd4 Qe7 26. b3 Bc6 27. Bxc6 Rxc6 28. Rf1 Qe5 29. Qxe5 dxe5 30. Rd1 Kg8 31. Rd7 a4 32. g4 f5 33. exf5 Rxh6 34. bxa4 Rh2 35. Kb1 Rg2 36. a5 Rg1+ 37. Kb2 Rg2+ 38. Kb3 Rg3+ 39. Kxb4 Rg2 40. a4 Rb2+ 41. Kc5 Ra2 42. Kb5 Rb2+ 43. Kc6 Ra2 44. a6 Rxa4 45. a7 Rxc4+ 46. Kb7 Rb4+ 47. Kc8 Rc4+ 48. Rc7 Ra4 49. Kb8 Rb4+ 50. Rb7 Ra4 51. a8=Q Rxa8+ 52. Kxa8 h5 53. gxh5 e4 54. Ka7 e3 55. Rb3 e2 56. Re3 g4 57. Rxe2 1-0


[Site "https://www.chess.com"]

[Event "Titled Tuesday Blitz November 14 Early 2023"]
[White "Pinero Rodriguez, Carlos Jose"]
[Black "Semenova, Alina"]
[WhiteFideId "3901726"]
[BlackFideId "24113875"]
[WhiteElo "2473"]
[BlackElo "2175"]
[Result "1-0"]
[Round "2"]
[TimeControl "180+1"]
[Date "2023.11.14"]
[WhiteClock "0:01:43"]
[BlackClock "0:00:00"]
[Board "217"]

1. e4 e6 2. d4 d5 3. e5 c5 4. c3 Nc6 5. Nf3 Qb6 6. a3 c4 7. Be2 Bd7 8. O-O Na5 9. Nbd2 O-O-O 10. Qe1 h6 11. Bd1 Be7 12. Bc2 Rf8 13. Rb1 Nb3 14. Nxb3 cxb3 15. Bd3 Bb5 16. Qe2 Bxd3 17. Qxd3 Kb8 18. Be3 Rc8 19. Nd2 a5 20. Rbc1 Bf8 21. c4 Ne7 22. c5 Qc6 23. Nxb3 a4 24. Na5 Qc7 25. b4 axb3 26. Nxb3 Nc6 27. Rb1 f5 28. Bd2 g5 29. a4 h5 30. a5 Bg7 31. a6 Bxe5 32. dxe5 Nxe5 33. Qb5 1-0


[Site "https://www.chess.com"]

[Event "Titled Tuesday Blitz November 14 Early 2023"]
[White "Ramla2020"]
[Black "Sivanandan, Bodhana"]
[BlackFideId "497592"]
[WhiteElo "2471"]
[BlackElo "2155"]
[Result "1-0"]
[Round "2"]
[TimeControl "180+1"]
[Date "2023.11.14"]
[WhiteClock "0:00:55"]
[BlackClock "0:00:31"]
[Board "218"]

1. c4 e6 2. d4 d5 3. Nf3 Nf6 4. Bg5 Be7 5. e3 b6 6. cxd5 exd5 7. Nc3 Bb7 8. Bd3 O-O 9. O-O h6 10. Bh4 Nbd7 11. Rc1 c5 12. Bb1 Ne4 13. Bxe7 Qxe7 14. dxc5 Nxc3 15. Rxc3 bxc5 16. Bf5 Nf6 17. Qc1 c4 18. Nd4 Nd7 19. b3 Nb6 20. Qd2 Bc8 21. Bb1 Be6 22. Rfc1 Rac8 23. a4 Qb4 24. Nxe6 fxe6 25. Qc2 Qe7 26. a5 cxb3 27. Qh7+ Kf7 28. axb6 Rxc3 29. Qg6+ Kg8 30. Rxc3 axb6 31. Rxb3 Rc8 32. g3 Rc1+ 33. Kg2 Qd6 34. Qh7+ Kf7 35. Bg6+ Kf6 36. Bh5 Qe5 37. Qg6+ Ke7 38. Rxb6 Qe4+ 39. Qxe4 dxe4 40. Rb4 Kf6 41. Rxe4 g6 42. Bf3 e5 43. h4 g5 44. hxg5+ hxg5 45. Ra4 Rc2 46. Ra6+ Kf7 47. Be4 Rc5 48. g4 Rb5 49. Bf5 Rb4 50. Kf3 Rb2 51. Rg6 Ra2 52. Rxg5 Ra1 53. Rg6 Rh1 54. Re6 Rh3+ 55. Kg2 Rh8 56. Rxe5 Kf6 57. Re6+ Kf7 58. Rg6 Re8 59. e4 Re5 60. f3 Rc5 61. Kg3 Rc3 62. Kf4 Rc5 63. Rd6 Ke7 64. Re6+ Kf7 65. g5 Rb5 66. g6+ Kg7 67. Re7+ Kf6 68. Rf7# 1-0


[Site "https://www.chess.com"]

[Event "Titled Tuesday Blitz November 14 Early 2023"]
[White "Tomb, Maroun"]
[Black "Feliz Dotel, Dewar Bienvenido"]
[WhiteFideId "5300398"]
[BlackFideId "6402801"]
[WhiteElo "2470"]
[BlackElo "2155"]
[Result "1-0"]
[Round "2"]
[TimeControl "180+1"]
[Date "2023.11.14"]
[WhiteClock "0:01:00"]
[BlackClock "0:00:03"]
[Board "219"]

1. e4 e5 2. Nf3 Nc6 3. Bb5 Nf6 4. d4 exd4 5. O-O Nxe4 6. Re1 d5 7. Nxd4 Bd7 8. Bxc6 bxc6 9. f3 Bc5 10. fxe4 O-O 11. exd5 cxd5 12. Be3 Re8 13. c3 Qh4 14. Bf2 Qf6 15. Nd2 Rxe1+ 16. Qxe1 Re8 17. Qf1 Bd6 18. b4 Qh6 19. N2f3 Bg4 20. Re1 Re4 21. h3 Bxh3 22. gxh3 Qf4 23. Qg2 c5 24. bxc5 Bxc5 25. Rxe4 dxe4 26. Ng5 Qc1+ 27. Kh2 Bd6+ 28. Bg3 Bxg3+ 29. Qxg3 Qd2+ 30. Qg2 Qf4+ 31. Qg3 Qd2+ 32. Kg1 Qc1+ 33. Kf2 Qd2+ 34. Ne2 g6 35. Nxe4 Qxa2 36. Qb8+ Kg7 37. Qe5+ Kg8 38. Nf6+ Kf8 39. Nxh7+ Kg8 40. Nf6+ Kf8 41. Nd7+ Kg8 42. Qe8+ Kg7 43. Qf8+ Kh7 44. Nf6# 1-0


[Site "https://www.chess.com"]